 Dungeon Crawl Stone Soup version 0.30-a0-760-g5a9884bb7c (webtiles) character file.

Game seed: 4280987195249067936

37 xian the Chopper (level 3, -6/29 (30) HPs)
             Began as a Hill Orc Gladiator on Feb 12, 2023.
             Killed from afar by Crazy Yiuf (15 damage)
             ... with a bolt of dispelling energy
             ... on level 2 of the Dungeon.
             The game lasted 00:02:45 (1134 turns).

xian the Chopper (Hill Orc Gladiator)               Turns: 1134, Time: 00:02:46

HP:   -6/29 (30)    AC:  6    Str: 18    XL:     3   Next: 41%
MP:   3/3           EV: 11    Int:  8    God:
Gold: 119           SH:  0    Dex: 12    Spells: 2/2 levels left

rFire   . . .      SeeInvis .    a - +0 war axe
rCold   . . .      Faith    .    (no shield)
rNeg    . . .      Spirit   .    k - +0 ring mail
rPois   .          Reflect  .    c - +0 helmet
rElec   .          Harm     .    (no cloak)
rCorr   .          Rampage  .    (no gloves)
Will    .....                    (no boots)
Stlth   +                        (no amulet)
HPRegen 0.24/turn                b - ring of ice
MPRegen 0.08/turn                n - ring of fire

@: lightly drained
A: no striking features
a: no special abilities


You were on level 2 of the Dungeon.
You visited 1 branch of the dungeon, and saw 2 of its levels.

You collected 119 gold pieces.

Inventory:

Hand Weapons
 a - a +0 war axe (weapon)
Missiles
 d - 3 throwing nets
 e - a javelin
 f - 14 stones (quivered)
Armour
 c - a +0 helmet (worn)
 k - a +0 ring mail (worn)
 m - a +0 plate armour
Jewellery
 b - a ring of ice (left hand)
 n - a ring of fire (right hand)
Scrolls
 i - 2 scrolls of identify {unknown}
 j - a scroll of noise {unknown}
Potions
 g - 2 potions of flight {unknown}
 h - a potion of invisibility {unknown}
 l - 2 potions of mutation {unknown}
 o - a potion of might {unknown}
 p - a potion of lignification {unknown}


   Skills:
 + Level 2.7 Fighting
 + Level 4.9 Axes
 + Level 2.1 Throwing
 + Level 0.8 Armour
 + Level 2.6 Dodging


You had 2 spell levels left.
You didn't know any spells.
Your spell library contained the following spells:

 Spells                   Type           Power      Damage    Failure   Level
 Arcjolt                  Conj/Air       0%         1d10      100%        5
 Metabolic Englaciation   Hex/Ice        0%         N/A       100%        5
 Simulacrum               Ice/Necr       0%         N/A       100%        6


Dungeon Overview and Level Annotations

Branches:
Dungeon (2/15)

Altars:

Annotations:
D:2 Crazy Yiuf


Message History

You kill the kobold!
f - 16 stones (gained 4)
You now have 119 gold pieces (gained 29).
Things that are here:
a +0 short sword; a +0 robe; a kobold corpse
Found an escape hatch in the floor.
An endoplasm comes into view.
The endoplasm quivers.
You throw a stone. The stone hits the endoplasm.
The endoplasm is lightly wounded.
You throw a stone. The stone hits the endoplasm.
The endoplasm is heavily wounded.
The endoplasm hits you but does no damage.
You hit the endoplasm but do no damage.
The endoplasm is heavily wounded.
The endoplasm barely misses you.
You hit the endoplasm.
You kill the endoplasm!
Found a stone staircase leading down.
There is a stone staircase leading down here.
Found a stone staircase leading up.
Found a hammer.
Found a runed translucent door.
Crazy Yiuf shouts!
You open the door. You slash Crazy Yiuf!
Crazy Yiuf is severely wounded.
Crazy Yiuf zaps a wand.
The bolt of dispelling energy hits you!
You hit Crazy Yiuf.
Crazy Yiuf is almost dead.
Crazy Yiuf hits you with a +4 quarterstaff of chaos.
Crazy Yiuf burns you.
Crazy Yiuf hits you with a +4 quarterstaff of chaos.
* * * LOW HITPOINT WARNING * * *
You feel drained.
You barely miss Crazy Yiuf.
Crazy Yiuf is almost dead.
Crazy Yiuf grits, "Cards!"
Crazy Yiuf zaps a wand.
The bolt of dispelling energy hits you!
Ouch! That really hurt!
You die...

##.# #..# #.#
##..#
#..#######.#
#..##
#..........# #.##
##########.# #.#
#####.# ##.#
#.....# #..##♣♣
### #######
#.....♣♣ ♣♣#..)#
#......♣♣♣♣@g...#
##......♣..♣#...#
##....♣.♣♣♣ ###
###♣♣♣♣♣


You could see Crazy Yiuf.

Vanquished Creatures
  An adder (D:2)
  An endoplasm (D:2)
  A giant cockroach (D:1)
  3 goblins
  4 hobgoblins
  2 quokkas
  4 ball pythons
  2 frilled lizards
  7 kobolds
  2 rats (D:2)
27 creatures vanquished.

Notes
Turn   | Place    | Note
-------+----------+-------------------------------------------
     0 | D:1      | xian the Hill Orc Gladiator began the quest for the Orb.
     0 | D:1      | Reached XP level 1. HP: 18/18 MP: 1/1
    57 | D:1      | Got the Incunabulum of the Eight Beasts
   115 | D:1      | Reached XP level 2. HP: 25/25 MP: 2/2
   824 | D:2      | Found a faded altar of an unknown god.
   854 | D:2      | Reached XP level 3. HP: 30/30 MP: 3/3
  1127 | D:2      | Found a runed translucent door.
  1128 | D:2      | Noticed Crazy Yiuf
  1134 | D:2      | Killed from afar by Crazy Yiuf

Illustrated notes

Levels and vault maps discovered:
D:1:      dpeg_arrival_tiny_f, layout_basic, minmay_misc_feat_chi
D:2:      layout_loops_ring, chequers_ecumenical_altar_simple,
          uniq_crazy_yiuf_cottage

Skill      XL: |  1 |
---------------+----+-----
Throwing       | 2 |  2.1
Fighting       | |  2.7
Axes           | |  4.9
Armour         | |  0.8
Dodging        | |  2.6

Action                     || total
---------------------------++-------
  Melee: War axe           ||    62
  Throw: Stone             ||    31
 Armour: Leather armour    ||     9
         Ring mail         ||    14
  Dodge: Dodged            ||    32

Table legend: (Time is in decaauts)
 A = Elapsed time spent in this place.
 B = Non-inter-level travel time spent in this place.
 C = Inter-level travel time spent in this place.
 D = Time resting spent in this place.
 E = Time spent auto-exploring this place.
 F = Levels seen in this place.
 G = Mean time per level.
                   A        B        C        D        E       F      G
               +--------+--------+--------+--------+--------+-----+--------+
         Total |   1149 |   1107 |     42 |      0 |    784 |   2 |  574.5 |
       Dungeon |   1149 |   1107 |     42 |      0 |    784 |   2 |  574.5 |
               +--------+--------+--------+--------+--------+-----+--------+

Top non-repeatable levels by time:
     D:1: 733 daAuts
     D:2: 415 daAuts
